 Dungeon Crawl Stone Soup version 0.31-a0-441-g867994ef1c (webtiles) character file.

Game seed: 15820382464365394924

79 randomguy2701 the Conjurer (level 4, -5/27 HPs)
             Began as an Octopode Conjurer on Aug 2, 2023.
             Killed from afar by an orc wizard (9 damage)
             ... with a puff of flame
             ... on level 4 of the Dungeon.
             The game lasted 00:06:09 (2539 turns).

randomguy2701 the Conjurer (Octopode Conjurer)      Turns: 2539, Time: 00:06:09

Health: -5/27      AC:  1    Str:  6    XL:     4   Next: 37%
Magic:  6/8        EV: 13    Int: 22    God:
Gold:   111        SH:  0    Dex: 10    Spells: 7/8 levels left

rFire   . . .        g - +0 quarterstaff
rCold   . . .        (shield currently unavailable)
rNeg    . . .        (helmet restricted)
rPois   .            (no amulet)
rElec   .            (no ring)
rCorr   .            (no ring)
SInv    .            (no ring)
Will    .....        (no ring)
Stlth   +++          (no ring)
HPRegen 0.24/turn    (no ring)
MPRegen 0.11/turn    (no ring)
                     (no ring)

%: no passive effects
@: no status effects
A: almost no armour, amphibious, 8 rings, camouflage 1, gelatinous body 1,
(nimble swimmer 1), tentacles
a: no special abilities


You were on level 4 of the Dungeon.
You visited 1 branch of the dungeon, and saw 3 of its levels.

You collected 111 gold pieces.

Inventory:

Hand Weapons
 g - a +0 quarterstaff (weapon)
Jewellery
 k - a ring of protection from cold
Talismans
 f - a serpent talisman
Scrolls
 c - 4 scrolls of identify {unknown}
 d - a scroll of enchant weapon {unknown}
 e - a scroll of poison {unknown}
 h - a scroll of teleportation {unknown}
 l - a scroll of revelation {unknown}
 m - a scroll of immolation {unknown}
Potions
 a - 2 potions of magic
 b - 2 potions of curing {unknown}
 i - 2 potions of haste {unknown}
 j - a potion of lignification {unknown}
 n - a potion of attraction {unknown}


   Skills:
 + Level 2.2 Dodging
 + Level 3.0 Stealth
 + Level 2.9 Spellcasting
 + Level 5.0 Conjurations


You had 7 spell levels left.
You knew the following spells:

 Your Spells              Type           Power      Damage    Failure   Level
a - Magic Dart            Conj           100%       1d8       1%          1

Your spell library contained the following spells:

 Spells                   Type           Power      Damage    Failure   Level
 Searing Ray              Conj           50%        2d6       2%          2
 Dazzling Flash           Conj/Hex       28%        N/A       14%         3
 Blink                    Tloc           6%         N/A       19%         2
 Fulminant Prism          Conj/Hex       7%         3d6       41%         4
 Iskenderun's Mystic Bla  Conj/Tloc      14%        2d5       41%         4
 Manifold Assault         Tloc           3%         N/A       77%         4


Dungeon Overview and Level Annotations

Branches:
Dungeon (2/15)             Temple (0/1) D:4

Altars:
Qazlal

Shops:
D:4 *


Innate Abilities, Weirdness & Mutations

You cannot wear most types of armour.
You are amphibious.
You can wear up to eight rings at the same time.
Your skin changes colour to match your surroundings (Stealth+).
Your rubbery body absorbs attacks. (AC +1, EV +1)
((You are camouflaged when in or above water. (Stealth+)))
You have tentacles for arms and can constrict up to eight enemies at once.


Message History

The magic dart hits the gnoll.
The gnoll is heavily wounded.
The gnoll shouts!
You hear a shout!
The magic dart hits the gnoll.
The gnoll is almost dead.
The magic dart hits the gnoll!
You kill the gnoll!
There is an entrance to Inol's Assorted Antiques here.
There is a stone staircase leading down here.
There is an open door here.
There is a stone staircase leading down here.
A gnoll comes into view. It is wielding a +0 whip.
A gnoll comes into view. It is wielding a +0 whip.
You enter the shallow water.
The gnoll shouts!
Found a blade talisman.
An orc comes into view. It is wielding a +1 trident of flaming.
There is an open door here.
An orc wizard comes into view. It is wielding a +0 dagger.
The orc wizard shouts!
An orc and an orc wizard come into view.
The orc wizard shouts!
You hear a shout!
An orc priest comes into view.
It is wielding a +0 short sword of draining.
The orc shouts!
The orc priest shouts!
The orc shouts!
The orc priest invokes the aid of Beogh against you.
Beogh smites you!
Ouch! That really hurt!
The orc hits you with a +0 mace!
* * * LOW HITPOINT WARNING * * *
You open the door.
The orc priest looks braver for a moment.
The orc barely misses you.
The gnoll hits you from afar with a +0 spear.
* * * LOW HITPOINT WARNING * * *
The orc wizard misses you.
There is an open door here.
The orc wizard gestures at you while chanting.
The puff of flame hits you!
You die...

.# #. #'## #. #...##
#. #.....## #.
##.8...8.## #.
##.#.....#.##
#.##...8...8...#
######..'oo...◎.....+
.......@#o..8...8...#
##########g#.....#.#
##g8...8.# #
##.....####### #.
##g..##......
#..###'###......
#............# #
.......§~~..g.###
....g.~~§§~......


You could see an orc priest and an orc wizard.

Vanquished Creatures
  A gnoll (D:4)
  2 worms
  2 dart slugs
  An orc (D:4)
  4 bats
  9 endoplasms
  3 giant cockroaches
  5 goblins
  9 hobgoblins
  4 quokkas
  4 ball pythons
  A frilled lizard (D:1)
  3 kobolds
  4 rats
52 creatures vanquished.

Notes
Turn   | Place    | Note
-------+----------+-------------------------------------------
     0 | D:1      | randomguy2701 the Octopode Conjurer began the quest for the
                  | Orb.
     0 | D:1      | Reached XP level 1. HP: 11/11 MP: 3/3
   201 | D:1      | Reached XP level 2. HP: 17/17 MP: 1/5
   842 | D:1      | Reached XP level 3. HP: 21/21 MP: 3/6
  1921 | D:2      | Found a stormy altar of Qazlal.
  2168 | D:2      | Reached XP level 4. HP: 11/27 MP: 1/7
  2291 | D:2      | You fall into a shaft and drop 2 floors!
  2351 | D:4      | Found Inol's Assorted Antiques.
  2394 | D:4      | Reached skill level 5 in Conjurations
  2446 | D:4      | Found a staircase to the Ecumenical Temple.
  2539 | D:4      | Killed from afar by an orc wizard

Illustrated notes

Levels and vault maps discovered:
D:1:      lemuel_arrival_muddy, layout_basic, corexii_item_surrounded_by_moat,
          minmay_octomino_c4
D:2:      layout_basic, basic_altar
D:4:      layout_loops_ring, mainiacjoe_overflow_brackets,
          overflow_temple_1_default, minmay_temple_entry_mist, serial_shops,
          nicolae_shop_hallway_stairs, biasface_ghost_orc_armoury,
          dk_noncrumbling_3, uniq_ijyb

Skill      XL: |  1  2  3  4 |
---------------+-------------+-----
Conjurations   | 5 |  5.0
Stealth        | 3 |  3.0
Dodging        | |  2.2
Spellcasting   | |  2.9

Action                     |  1- 3 |  4- 6 || total
---------------------------+-------+-------++-------
  Melee: Unarmed           |     2 |       ||     2
         Tentacles         |     2 |       ||     2
         Quarterstaff      |     2 |       ||     2
         Constrict         |     1 |       ||     1
   Cast: Magic Dart        |   112 |    26 ||   138
  Dodge: Dodged            |    19 |     2 ||    21

Table legend: (Time is in decaauts)
 A = Elapsed time spent in this place.
 B = Non-inter-level travel time spent in this place.
 C = Inter-level travel time spent in this place.
 D = Time resting spent in this place.
 E = Time spent auto-exploring this place.
 F = Levels seen in this place.
 G = Mean time per level.
                   A        B        C        D        E       F      G
               +--------+--------+--------+--------+--------+-----+--------+
         Total |   2538 |   2390 |    148 |     10 |   1852 |   3 |  846.0 |
       Dungeon |   2538 |   2390 |    148 |     10 |   1852 |   3 |  846.0 |
               +--------+--------+--------+--------+--------+-----+--------+

Top non-repeatable levels by time:
     D:1: 1420 daAuts
     D:2: 870 daAuts
     D:4: 247 daAuts
